 Dungeon Crawl Stone Soup version 0.18.1-50-g88ac8fd (webtiles) character file.

61 Amnesiac the Charlatan (level 3, -2/20 HPs)
             Began as a Deep Elf Artificer on Feb 27, 2018.
             Slain by a centaur skeleton (3 damage)
             ... on level 4 of the Dungeon.
             The game lasted 00:01:54 (1431 turns).

Amnesiac the Charlatan (Deep Elf Artificer)         Turns: 1431, Time: 00:01:54

Health: -2/20      AC:  3    Str:  8    XL:     3   Next: 83%
Magic:  8/8        EV: 12    Int: 17    God:
Gold:   9          SH:  0    Dex: 15    Spells: 0 memorised, 2 levels left

rFire  . . .     SeeInvis .     i - +0 hunting sling
rCold  . . .     Gourm    .     b - +0 leather armour
rNeg   . . .     Faith    .     (no shield)
rPois  .         Spirit   .     (no helmet)
rElec  .         Dismiss  .     (no cloak)
rCorr  .         Reflect  .     (no gloves)
SustAt .         Harm     .     (no boots)
MR     .....                    (no amulet)
Stlth  ++........               (no ring)
                                (no ring)

@: not resistant to hostile enchantments, unstealthy
A: no striking features
a: no special abilities


You were on level 4 of the Dungeon.
You were hungry.

You visited 1 branch of the dungeon, and saw 4 of its levels.

You collected 9 gold pieces.

Inventory:

Hand Weapons
 a - a +0 short sword
 i - a +0 hunting sling (weapon)
Missiles
 j - 18 stones (quivered)
Armour
 b - a +0 leather armour (worn)
Wands
 c - a wand of flame (10/48)
 d - a wand of enslavement (15/24)
 e - a wand of random effects (14/48)
Scrolls
 g - a scroll of remove curse {!r, unknown}
 h - a scroll of random uselessness {!r, unknown}
 l - 2 scrolls of identify {!r, unknown}
Potions
 m - a potion of flight {!q, unknown}
Comestibles
 f - a bread ration
 k - a meat ration
 n - 2 chunks of flesh


   Skills:
 - Level 0.7 Fighting
 - Level 1.0 Short Blades
 - Level 2.4 Dodging
 - Level 1.2 Stealth
 + Level 5.3 Evocations


You had 2 spell levels left.
You didn't know any spells.

Dungeon Overview and Level Annotations

Branches:
Dungeon (4/15)
 Temple: D:4-7

Altars:
Trog
Zin


Message History

Aim: a centaur skeleton You shoot a stone.
The stone hits the centaur skeleton!
The centaur skeleton closely misses you.
Firing (i - inventory):
j - 26 stones (quivered)
Press: ? - help, Shift-Dir - straight line, f/p - centaur skeleton
Aim: a centaur skeleton You shoot a stone.
The stone completely misses the centaur skeleton.
The centaur skeleton hits you but does no damage.
The centaur skeleton barely misses you.
Firing (i - inventory):
j - 25 stones (quivered)
Press: ? - help, Shift-Dir - straight line, f/p - centaur skeleton
Aim: a centaur skeleton You shoot a stone.
The stone hits the centaur skeleton.
The centaur skeleton barely misses you.
Firing (i - inventory):
j - 24 stones (quivered)
Press: ? - help, Shift-Dir - straight line, f/p - centaur skeleton
Aim: a centaur skeleton You shoot a stone.
The stone hits the centaur skeleton.
The centaur skeleton hits you. The centaur skeleton misses you.
Firing (i - inventory):
j - 23 stones (quivered)
Press: ? - help, Shift-Dir - straight line, f/p - centaur skeleton
Aim: a centaur skeleton You shoot a stone.
The stone hits the centaur skeleton.
The centaur skeleton hits you.
The centaur skeleton hits you but does no damage.
Firing (i - inventory):
j - 22 stones (quivered)
Press: ? - help, Shift-Dir - straight line, f/p - centaur skeleton
Aim: a centaur skeleton You shoot a stone.
The stone hits the centaur skeleton.
The centaur skeleton hits you.
Firing (i - inventory):
j - 21 stones (quivered)
Press: ? - help, Shift-Dir - straight line, f/p - centaur skeleton
Aim: a centaur skeleton You shoot a stone.
The stone hits the centaur skeleton but does no damage.
The centaur skeleton hits you.
* * * LOW HITPOINT WARNING * * *
The centaur skeleton hits you but does no damage.
Firing (i - inventory):
j - 20 stones (quivered)
Press: ? - help, Shift-Dir - straight line, f/p - centaur skeleton
Aim: a centaur skeleton You shoot a stone.
The stone hits the centaur skeleton.
You are feeling hungry.
The centaur skeleton hits you.
* * * LOW HITPOINT WARNING * * *
Firing (i - inventory):
j - 19 stones (quivered)
Press: ? - help, Shift-Dir - straight line, f/p - centaur skeleton
Aim: a centaur skeleton You shoot a stone.
The stone hits the centaur skeleton.
The centaur skeleton hits you.
* * * LOW HITPOINT WARNING * * *
The centaur skeleton hits you but does no damage.
You are too injured to fight recklessly!
You are too injured to fight recklessly!
Evoke which item? (* to show all) (? for menu, Esc to quit)
Zapping:
e - a wand of random effects (15/48)
Press: ? - help, Shift-Dir - straight line, f/p - centaur skeleton
Aim: a centaur skeleton The centaur skeleton seems to speed up.
This wand has 14 charges left.
The centaur skeleton hits you.
* * * LOW HITPOINT WARNING * * *
The centaur skeleton hits you.
You die...

#.#####.........#
#.# #........#.
#.# #........##
#.# ###.##.#.#
#.# .......# #.#
#..##.### #####.#
#.. .# #...#.#
#(%Z@.# #...###
##.# #. #


You could see a centaur skeleton.

Vanquished Creatures
  A worker ant (D:4)
  2 adders (D:3)
  An ooze (D:2)
  A giant gecko (D:1)
  An orc (D:4)
  A giant cockroach (D:1)
  2 goblins (D:3)
  2 hobgoblins (D:1)
  A quokka (D:1)
  A bat (D:1)
  2 rats (D:3)
15 creatures vanquished.

Notes
Turn   | Place    | Note
--------------------------------------------------------------
     0 | D:1      | Amnesiac the Deep Elf Artificer began the quest for the Orb.
     0 | D:1      | Reached XP level 1. HP: 11/11 MP: 5/5
   345 | D:3      | Reached XP level 2. HP: 10/16 MP: 6/6
   404 | D:3      | Reached skill level 4 in Evocations
  1036 | D:3      | Found a bloodstained altar of Trog.
  1262 | D:3      | Reached XP level 3. HP: 20/20 MP: 8/8
  1303 | D:4      | Found a glowing silver altar of Zin.
  1319 | D:4      | Reached skill level 5 in Evocations
  1431 | D:4      | HP: 1/20 [centaur skeleton (1)]
  1431 | D:4      | Slain by a centaur skeleton

Skill      XL: |  1  2  3 |
---------------+----------+-----
Evocations     | 4 5 |  5.3
Fighting       | |  0.7
Short Blades   | |  1.0
Dodging        | |  2.4
Stealth        | |  1.2

Action                   || total
-------------------------++-------
Melee: Short sword       ||    22
 Fire: Hunting sling     ||    54
Evoke: Wand              ||     6
 Stab: Sleeping          ||     1
  Eat: Chunk             ||     1
Armor: Leather armour    ||     7
Dodge: Dodged            ||    29
